 Dungeon Crawl Stone Soup version 0.27-a0-887-gcab673c142 (webtiles) character file.

Game seed: 11500743403519262667

17691 rageheart7 the Protected (level 12, -3/94 HPs)
             Began as a Gnoll Wanderer on Apr 4, 2021.
             Was a Believer of Ashenzari.
             Slain by a two-headed ogre
             ... wielding a +0 giant club
              (24 damage)
             ... on level 12 of the Dungeon.
             The game lasted 00:25:55 (17745 turns).

rageheart7 the Protected (Gnoll Wanderer)          Turns: 17745, Time: 00:25:56

Health: -3/94      AC: 16    Str: 18    XL:     12   Next: 50%
Magic:  13/23      EV: 12    Int: 18    God:    Ashenzari [**....]
Gold:   650        SH:  5    Dex:  8    Spells: 22/25 levels left

rFire    x . .     SeeInvis +   u - +3 flail of Ashenzari's Soothsayer {flame, Range, Melee} (curse)
rCold    + + .     Faith    .   g - +0 buckler of the Shattered Ordeal {Evo, Cun} (curse)
rNeg     + . .     Spirit   .   q - +3 scale mail {rN+}
rPois    +         Reflect  .   h - +2 helmet
rElec    .         Harm     .   e - +0 cloak of the Ruined Pleiades {Alch, Comp} (curse)
rCorr    .         Rampage  .   (no gloves)
Will     .....                  (no boots)
Stlth    +++.......             B - amulet of magic regeneration
HPRegen  0.25/turn              s - ring "Manifest Omen" {rC+, Comp, Bglg} (curse)
MPRegen  0.43/turn              a - ring of Gany {Ice rPois Int+4 Stlth+}

@: berserk cooldown, slowed, very slow
A: fangs 1, strong nose, distributed training
a: Renounce Religion, Shatter the Chains


You were on level 12 of the Dungeon.
You worshipped Ashenzari.
Ashenzari was pleased with you.
You visited 2 branches of the dungeon, and saw 13 of its levels.
You also visited: Ossuary.

You collected 650 gold pieces.

Inventory:

Hand Weapons
 p - a +1 halberd of pain
 u - the cursed +3 flail of Ashenzari's Soothsayer (weapon) {flame, Range, Melee}
   (You took it off an orc on level 5 of the Dungeon)

   It has been specially enchanted to burn those struck by it, causing extra
   injury to most foes and up to half again as much damage against particularly
   susceptible opponents.
   It has a curse which improves the following skills: Ranged Combat: Slings,
   Bows, Crossbows and Throwing.
   Melee Combat: Short Blades, Long Blades, Axes, Maces & Flails, Polearms,
   Staves and Unarmed Combat.
Missiles
 D - 11 curare-tipped darts (quivered)
 E - a throwing net
Armour
 e - the cursed +0 cloak of the Ruined Pleiades (worn) {Alch, Comp}
   (You found it on level 3 of the Dungeon)

   It has a curse which improves the following skills: Alchemy: Poison Magic and
   Transmutations.
   Companions: Summonings and Necromancy.
 g - the cursed +0 buckler of the Shattered Ordeal (worn) {Evo, Cun}
   (You took it off a gnoll sergeant on level 8 of the Dungeon)

   It has a curse which improves the following skills: Evocations: Evocations.
   Cunning:   Dodging and Stealth.
 h - a +2 helmet (worn)
 n - a +0 cloak
 q - a +3 scale mail of positive energy (worn)
 t - a +0 troll leather armour
 y - the +1 robe "Xucac" {rElec Str-2 Slay+4 Stlth+}
   (You found it on level 5 of the Dungeon)

   It affects your strength (-2).
   It affects your accuracy and damage with ranged weapons and melee attacks
   (+4).
   It insulates you from electricity.
   It makes you more stealthy.
Magical Staves
 f - a staff of fire
Jewellery
 a - the ring of Gany (right hand) {Ice rPois Int+4 Stlth+}
   (You acquired it on level 8 of the Dungeon)

   [ring of ice]

   It enhances your ice magic.
   It affects your intelligence (+4).
   It makes you vulnerable to fire.
   It protects you from cold.
   It protects you from poison.
   It makes you more stealthy.
 s - the cursed ring "Manifest Omen" (left hand) {rC+, Comp, Bglg}
   (You found it on level 5 of the Dungeon)

   [ring of protection from cold]

   It protects you from cold.
   It has a curse which improves the following skills: Companions: Summonings
   and Necromancy.
   Beguiling: Conjurations, Hexes and Translocations.
 x - a ring of protection from cold
 B - an amulet of magic regeneration (around neck)
 F - a ring of positive energy
Wands
 b - a wand of flame (16)
 v - a wand of iceblast (11)
Scrolls
 c - 6 scrolls of teleportation
 d - 2 scrolls of enchant armour
 i - 3 scrolls of amnesia
 k - a scroll of silence
 l - 2 scrolls of vulnerability
 w - a scroll of brand weapon
 z - 4 scrolls of enchant weapon
 G - a scroll of summoning
Potions
 j - 2 potions of brilliance
 o - a potion of berserk rage
 A - a potion of flight
Miscellaneous
 H - a phial of floods (inert)


   Skills:
 + Level 8.7 Fighting
 + Level 7.3(8.9) Short Blades
 + Level 7.3(8.9) Long Blades
 + Level 7.3(8.9) Axes
 + Level 8.7(10.2) Maces & Flails
 + Level 7.3(8.9) Polearms
 + Level 7.3(8.9) Staves
 + Level 7.3(8.9) Slings
 + Level 7.8(9.3) Bows
 + Level 7.3(8.9) Crossbows
 + Level 7.8(9.3) Throwing
 + Level 9.9 Armour
 + Level 7.3(8.9) Dodging
 + Level 7.3(8.9) Stealth
 + Level 7.8 Shields
 + Level 7.3(8.9) Unarmed Combat
 + Level 7.3 Spellcasting
 + Level 6.1(7.6) Conjurations
 + Level 6.1(7.6) Hexes
 + Level 6.1(8.4) Summonings
 + Level 6.1(8.4) Necromancy
 + Level 6.1(7.6) Translocations
 + Level 6.1(7.6) Transmutations
 + Level 6.1 Fire Magic
 + Level 6.1 Ice Magic
 + Level 6.1 Air Magic
 + Level 6.1 Earth Magic
 + Level 6.1(7.6) Poison Magic
 + Level 8.0 Invocations
 + Level 7.3(8.9) Evocations


You had 22 spell levels left.
You knew the following spells:

 Your Spells              Type           Power      Damage    Failure   Level
a - Vampiric Draining     Necr           18%        2d8       2%          3

Your spell library contained the following spells:

 Spells                   Type           Power      Damage    Failure   Level
 Animate Skeleton         Necr           74%        N/A       1%          1
 Pain                     Necr           100%       1d9       1%          1
 Animate Dead             Necr           18%        N/A       9%          4
 Agony                    Necr           37%        N/A       24%         5
 Iskenderun's Battlesphe  Conj           34%        2d9       32%         5
 Bolt of Magma            Conj/Fire/Erth 15%        4d9       45%         5
 Iron Shot                Conj/Erth      15%        9d4       94%         6
 Orb of Destruction       Conj           17%        9d8       100%        7
 Spellforged Servitor     Conj/Summ      17%        N/A       100%        7


Dungeon Overview and Level Annotations

Branches:
Dungeon (12/15)            Temple (1/1) D:4            Lair (0/6) D:10
    Orc (0/2) D:12        Ossuary (visited)

Altars:
Ashenzari
Cheibriados
Dithmenos
Elyvilon
Fedhas
Gozag
Hepliaklqana
Kikubaaqudgha
Makhleb
Nemelex Xobeh
Okawaru
Qazlal
Ru
Sif Muna
Trog
Uskayaw
Vehumet
Wu Jian
Xom
Yredelemnul
Zin
The Shining One

Shops:
D:5 ?


Innate Abilities, Weirdness & Mutations

You have very sharp teeth.
Your uncanny sense of smell can sniff out nearby items.
Your experience applies equally to all skills.


Message History

You feel yourself slow down.
Okay, then.
Casting: Vampiric Draining (mildly dangerous; 2% risk of failure)
Confirm with . or Enter, or press ? or * to list all spells.
Aiming: Vampiric Draining (mildly dangerous; 2% risk of failure)
Press: ? - help, Shift-Dir - straight line, f - two-headed ogre
Aim: a two-headed ogre, wielding two +0 giant clubs You draw life force from the two-headed ogre!
You feel life coursing into your body.
The two-headed ogre hits you with a +0 giant club!
* * * LOW HITPOINT WARNING * * *
You block the two-headed ogre's attack.
Casting: Vampiric Draining (mildly dangerous; 2% risk of failure)
Confirm with . or Enter, or press ? or * to list all spells.
Aiming: Vampiric Draining (mildly dangerous; 2% risk of failure)
Press: ? - help, Shift-Dir - straight line, f/p - two-headed ogre
Aim: a two-headed ogre, wielding two +0 giant clubs (lightly wounded)
You draw life force from the two-headed ogre!
You feel life coursing into your body.
The two-headed ogre hits you but does no damage.
You block the two-headed ogre's attack.
Unknown command.
Casting: Vampiric Draining (mildly dangerous; 2% risk of failure)
Confirm with . or Enter, or press ? or * to list all spells.
Aiming: Vampiric Draining (mildly dangerous; 2% risk of failure)
Press: ? - help, Shift-Dir - straight line, f/p - two-headed ogre
Aim: a two-headed ogre, wielding two +0 giant clubs (moderately wounded)
You draw life force from the two-headed ogre!
You feel life coursing into your body. The two-headed ogre barely misses you.
You block the two-headed ogre's attack. x3
Unknown command.
Casting: Vampiric Draining (mildly dangerous; 2% risk of failure)
Confirm with . or Enter, or press ? or * to list all spells.
Aiming: Vampiric Draining (mildly dangerous; 2% risk of failure)
Press: ? - help, Shift-Dir - straight line, f/p - two-headed ogre
Aim: a two-headed ogre, wielding two +0 giant clubs (heavily wounded)
You draw life force from the two-headed ogre!
You feel life coursing into your body.
The two-headed ogre hits you with a +0 giant club!!
You die...

,..
..#..#....##*..####.. ,
...###..#.........# *
.. #.#....#..!..... , ,
* * #..............# ,
, ####..............# ,
............/.....#.. ,
,,.....................
, .....<...............
.......O@...........#
..................... ,
.....##....))........ ,
,.....................
.......##....$)##.#.
#.....##......## , ,, *
....#........#..#,,,, ,
.##........#..... ,
#####....#..>.# ,


You could see a two-headed ogre.

Vanquished Creatures
  2 hydras (D:11)
  Erica (D:8)
  7 two-headed ogres
  Pikel (D:6)
  An ugly thing (D:12)
  2 cyclopes (D:11)
  A manticore (D:11)
  A troll (D:11)
  A hornet (D:10)
  Prince Ribbit (D:8)
  3 slime creatures (D:12)
  6 yaks
  3 wyverns
  2 wraiths
  2 basilisks
  A steam dragon (D:8)
  4 vampire mosquitoes (D:11)
  2 acid dragons
  Duvessa (D:6)
  6 orc warriors
  A sky beast (D:7)
  A hornet zombie (D:6)
  4 black bears
  6 centaurs
  2 necrophages
  A lemure (D:6)
  3 kobold brigands
  2 gnoll sergeants
  3 bullfrogs (D:9)
  A wyvern zombie (D:5)
  3 scorpions
  Dowan (D:6)
  A killer bee (D:10)
  5 wights
  A vampire bat (D:4)
  5 howler monkeys
  4 centaur zombies
  3 bullfrog zombies
  2 hounds (D:5)
  3 jellies
  A centaur skeleton (D:7)
  8 orc priests
  2 bullfrog skeletons
  A gnoll shaman (D:3)
  Jessica (D:2)
  2 iguanas
  Terence (D:3)
  13 orc wizards
  A mummy (Ossuary)
  8 gnolls
  11 adders
  An ufetubus (D:5)
  2 worms (D:2)
  3 dart slugs
  45 orcs
  6 endoplasms
  2 giant cockroaches
  5 goblins
  5 hobgoblins
  7 jackals
  2 quokkas
  8 ball pythons
  9 bats
  2 frilled lizards
  7 gnoll skeletons (Ossuary)
  18 kobolds
  5 kobold skeletons (Ossuary)
  13 orc skeletons (Ossuary)
  A quokka zombie (D:6)
  10 rats
  A rat zombie (D:6)
301 creatures vanquished.

Vanquished Creatures (others)
  An orc (D:12)
  21 plants (D:10)
22 creatures vanquished.

Grand Total: 323 creatures vanquished

Notes
Turn   | Place    | Note
-------+----------+-------------------------------------------
     0 | D:1      | rageheart7 the Gnoll Wanderer began the quest for the Orb.
     0 | D:1      | rageheart7 set off with the following items: a +0 mace, a
                  | +2 scale mail, a scroll of teleportation
     0 | D:1      | Reached XP level 1. HP: 20/20 MP: 1/1
   353 | D:1      | Reached XP level 2. HP: 26/26 MP: 2/2
  1206 | D:1      | Reached XP level 3. HP: 31/31 MP: 3/3
  1729 | D:2      | Reached skill level 1 in Invocations
  1943 | D:2      | Reached skill level 1 in Short Blades
  1943 | D:2      | Reached skill level 1 in Long Blades
  1943 | D:2      | Reached skill level 1 in Axes
  1943 | D:2      | Reached skill level 1 in Polearms
  1943 | D:2      | Reached skill level 1 in Staves
  1943 | D:2      | Reached skill level 1 in Slings
  1943 | D:2      | Reached skill level 1 in Crossbows
  1943 | D:2      | Reached skill level 1 in Dodging
  1943 | D:2      | Reached skill level 1 in Stealth
  1943 | D:2      | Reached skill level 1 in Unarmed Combat
  1943 | D:2      | Reached skill level 1 in Spellcasting
  1943 | D:2      | Reached skill level 1 in Evocations
  2076 | D:2      | Noticed Jessica
  2110 | D:2      | Reached XP level 4. HP: 23/38 MP: 5/5
  2114 | D:2      | Killed Jessica
  2422 | D:2      | Reached skill level 1 in Conjurations
  2422 | D:2      | Reached skill level 1 in Hexes
  2422 | D:2      | Reached skill level 1 in Summonings
  2422 | D:2      | Reached skill level 1 in Necromancy
  2422 | D:2      | Reached skill level 1 in Translocations
  2422 | D:2      | Reached skill level 1 in Transmutations
  2422 | D:2      | Reached skill level 1 in Fire Magic
  2422 | D:2      | Reached skill level 1 in Ice Magic
  2422 | D:2      | Reached skill level 1 in Air Magic
  2422 | D:2      | Reached skill level 1 in Earth Magic
  2422 | D:2      | Reached skill level 1 in Poison Magic
  2602 | D:2      | Found a faded altar of an unknown god.
  2889 | D:3      | Reached XP level 5. HP: 7/43 MP: 6/6
  2895 | D:3      | HP: 2/43 [kobold/+0 short sword (2)]
  3673 | D:3      | Reached XP level 6. HP: 32/50 MP: 8/8
  3938 | D:3      | Noticed Terence
  3944 | D:3      | Killed Terence
  4346 | D:3      | Found a glowing golden altar of the Shining One.
  4346 | D:3      | Found a shimmering blue altar of Sif Muna.
  4455 | D:4      | Found a basalt altar of Yredelemnul.
  4554 | D:4      | Reached skill level 5 in Fighting
  4554 | D:4      | Reached skill level 5 in Maces & Flails
  4953 | D:4      | Reached XP level 7. HP: 38/56 MP: 10/10
  5241 | D:4      | Reached skill level 7 in Armour
  5471 | D:4      | Found a staircase to the Ecumenical Temple.
  5606 | Temple   | Entered the Ecumenical Temple
  5879 | D:5      | Entered Level 5 of the Dungeon
  6039 | D:5      | Found Xuigom's Magic Scroll Shop.
  6295 | D:5      | Reached XP level 8. HP: 45/63 MP: 12/12
  6997 | D:5      | Identified the +1 robe "Xucac" {rElec Str-2 Slay+4 Stlth+}
  7132 | D:6      | Found a sand-covered staircase.
  7150 | Ossuary  | Entered an ossuary
  7150 | Ossuary  | Noticed a wraith
  7150 | Ossuary  | Noticed a wraith
  7150 | Ossuary  | Noticed a wraith
  7317 | Ossuary  | Noticed a wraith
  7341 | Ossuary  | Killed a wraith
  8049 | D:6      | Noticed Duvessa
  8050 | D:6      | Noticed Dowan
  8070 | D:6      | Killed Duvessa
  8073 | D:6      | Killed Dowan
  8074 | D:6      | Reached XP level 9. HP: 55/69 MP: 14/14
  8171 | D:6      | Noticed Pikel
  8191 | D:6      | Killed Pikel
  8307 | D:6      | Reached skill level 5 in Bows
  8307 | D:6      | Reached skill level 5 in Throwing
  8307 | D:6      | Reached skill level 5 in Shields
  8937 | D:7      | Reached skill level 8 in Armour
  9225 | D:7      | Reached skill level 5 in Invocations
  9383 | D:7      | Found a sacrificial altar of Ru.
  9954 | D:8      | Noticed Erica
  9973 | D:8      | HP: 3/71 [Erica/+2 scimitar of flaming (7)]
  9986 | D:8      | Killed Erica
  9987 | D:8      | Reached skill level 5 in Short Blades
  9987 | D:8      | Reached skill level 5 in Long Blades
  9987 | D:8      | Reached skill level 5 in Axes
  9987 | D:8      | Reached skill level 5 in Polearms
  9987 | D:8      | Reached skill level 5 in Staves
  9987 | D:8      | Reached skill level 5 in Slings
  9987 | D:8      | Reached skill level 5 in Crossbows
  9987 | D:8      | Reached skill level 5 in Dodging
  9987 | D:8      | Reached skill level 5 in Stealth
  9987 | D:8      | Reached skill level 5 in Unarmed Combat
  9987 | D:8      | Reached skill level 5 in Spellcasting
  9987 | D:8      | Reached skill level 5 in Evocations
  9987 | D:8      | Reached XP level 10. HP: 32/77 MP: 17/17
 10273 | D:8      | Noticed Prince Ribbit
 10288 | D:8      | Killed Prince Ribbit
 10317 | D:8      | HP: 4/115 [orc warrior/+0 trident (3)]
 10638 | D:8      | Found a blossoming altar of Fedhas.
 11278 | D:8      | Found a large runed translucent door.
 11279 | D:8      | Found a large runed translucent door.
 11297 | D:8      | Found a broken altar of Ashenzari.
 11308 | D:8      | Became a worshipper of Ashenzari the Shackled
 11308 | D:8      | Identified a scroll of acquirement
 11313 | D:8      | Found an iron altar of Okawaru.
 11319 | D:8      | Acquired the ring of Gany {Ice rPois Int+4 Stlth+}
 11651 | D:9      | Noticed a two-headed ogre
 11654 | D:9      | Killed a two-headed ogre
 12751 | D:9      | Noticed a two-headed ogre
 12757 | D:9      | Killed a two-headed ogre
 12758 | D:9      | Reached XP level 11. HP: 84/84 MP: 19/19
 13149 | D:9      | Noticed a two-headed ogre
 13154 | D:9      | Killed a two-headed ogre
 13155 | D:9      | Reached skill level 9 in Armour
 13155 | D:9      | Reached skill level 5 in Conjurations
 13155 | D:9      | Reached skill level 5 in Hexes
 13155 | D:9      | Reached skill level 5 in Summonings
 13155 | D:9      | Reached skill level 5 in Necromancy
 13155 | D:9      | Reached skill level 5 in Translocations
 13155 | D:9      | Reached skill level 5 in Transmutations
 13155 | D:9      | Reached skill level 5 in Fire Magic
 13155 | D:9      | Reached skill level 5 in Ice Magic
 13155 | D:9      | Reached skill level 5 in Air Magic
 13155 | D:9      | Reached skill level 5 in Earth Magic
 13155 | D:9      | Reached skill level 5 in Poison Magic
 13445 | D:10     | Entered Level 10 of the Dungeon
 13587 | D:10     | Learned a level 3 spell: Vampiric Draining
 13808 | D:10     | Noticed a two-headed ogre
 13818 | D:10     | Killed a two-headed ogre
 14306 | D:10     | Noticed a two-headed ogre
 14306 | D:10     | Noticed a two-headed ogre
 14316 | D:10     | Killed a two-headed ogre
 14320 | D:10     | Killed a two-headed ogre
 14459 | D:10     | Noticed a two-headed ogre
 14468 | D:10     | Killed a two-headed ogre
 15100 | D:10     | Found a burning altar of Makhleb.
 15106 | D:10     | Reached * piety under Ashenzari
 15138 | D:10     | Found a staircase to the Lair.
 15935 | D:11     | Noticed a cyclops
 15961 | D:11     | Killed a cyclops
 15962 | D:11     | Reached XP level 12. HP: 64/94 MP: 15/22
 16121 | D:11     | Reached ** piety under Ashenzari
 16176 | D:11     | Noticed a six-headed hydra
 16335 | D:11     | Found a shadowy altar of Dithmenos.
 16757 | D:11     | Killed a six-headed hydra
 17027 | D:11     | Noticed a six-headed hydra
 17031 | D:11     | Killed a six-headed hydra
 17509 | D:12     | Noticed a two-headed ogre
 17745 | D:12     | Slain by a two-headed ogre

Illustrated notes

Levels and vault maps discovered:
D:1:      minmay_arrival_semitransparent, layout_basic, serial_forest,
          infiniplex_forest_clump_medium, infiniplex_forest_straight_3,
          infiniplex_forest_split, infiniplex_forest_side_room
D:2:      layout_rooms, basic_ecumenical_altar, kennysheep_generic_room_4,
          uniq_jessica
D:3:      layout_loops_ring, gammafunk_temple_overflow_elements, uniq_terence
D:4:      layout_loops_ring, lemuel_tele_altar, minmay_temple_entry_hall,
          roderic_batcave
D:5:      layout_cave_pools, serial_shops, kennysheep_little_box,
          chequers_avenue
D:6:      cheibrodos_quashed, layout_gridville, enter_ossuary_4,
          small_statue_intersection, uniq_pikel, uniq_duvessa
D:7:      layout_basic, nicolae_overflow_crystal_walls, feat_on_display
D:8:      layout_rooms, fedhas_altar_1, jmf_multi_god_temple2, uniq_erica,
          uniq_prince_ribbit1
D:9:      layout_basic, minmay_starry_boxes
D:10:     wad_woods_structure_01, layout_cave_pods, lightli_temple_of_fire,
          david_lair_generic
D:11:     layout_grid_maze, nicolae_dithmenos_shadow_blocks
D:12:     layout_cave_pools, hiddenorc1_lemuel, minmay_pinched_square
Temple:   minmay_temple_curvy_branch

Skill      XL: |  1  2  3  4  5  6  7  8  9 10 11 12 |
---------------+-------------------------------------+-----
Invocations    | 1 2 3 4 5 6 7 8 |  8.0
Short Blades   | 1 2 3 5 6 7 |  7.3
Long Blades    | 1 2 3 5 6 7 |  7.3
Axes           | 1 2 3 5 6 7 |  7.3
Polearms       | 1 2 3 5 6 7 |  7.3
Staves         | 1 2 3 5 6 7 |  7.3
Slings         | 1 2 3 5 6 7 |  7.3
Crossbows      | 1 2 3 5 6 7 |  7.3
Dodging        | 1 2 3 5 6 7 |  7.3
Stealth        | 1 2 3 5 6 7 |  7.3
Unarmed Combat | 1 2 3 5 6 7 |  7.3
Spellcasting   | 1 2 3 5 6 7 |  7.3
Evocations     | 1 2 3 5 6 7 |  7.3
Conjurations   | 1 2 3 4 5 6 |  6.1
Hexes          | 1 2 3 4 5 6 |  6.1
Summonings     | 1 2 3 4 5 6 |  6.1
Necromancy     | 1 2 3 4 5 6 |  6.1
Translocations | 1 2 3 4 5 6 |  6.1
Transmutations | 1 2 3 4 5 6 |  6.1
Fire Magic     | 1 2 3 4 5 6 |  6.1
Ice Magic      | 1 2 3 4 5 6 |  6.1
Air Magic      | 1 2 3 4 5 6 |  6.1
Earth Magic    | 1 2 3 4 5 6 |  6.1
Poison Magic   | 1 2 3 4 5 6 |  6.1
Bows           | 3 4 5 6 7 |  7.8
Throwing       | 3 4 5 6 7 |  7.8
Shields        | 3 4 5 6 7 |  7.8
Fighting       | 5 6 7 8 |  8.7
Maces & Flails | 5 6 7 8 |  8.7
Armour         | 7 8 9 |  9.9

Action                   |  1- 3 |  4- 6 |  7- 9 | 10-12 || total
-------------------------+-------+-------+-------+-------++-------
Melee: Mace              |   138 |   147 |       |       ||   285
       Bite              |     5 |    23 |    24 |    45 ||    97
       Punch             |       |     1 |     1 |       ||     2
       Halberd           |       |   135 |   146 |       ||   281
       Flail             |       |       |   198 |   450 ||   648
 Cast: Vampiric Draining |       |       |       |    24 ||    24
Invok: Curse Item        |       |       |       |     4 ||     4
Evoke: Wand              |       |       |       |    59 ||    59
       Phial of floods   |       |       |       |     2 ||     2
  Use: Potion            |       |     4 |     6 |    16 ||    26
       Scroll            |       |       |    13 |     3 ||    16
 Stab: Invisible         |       |     1 |       |       ||     1
       Sleeping          |       |       |     7 |     5 ||    12
       Distracted        |       |       |       |     1 ||     1
Armor: Scale mail        |    81 |   189 |   121 |   105 ||   496
       Robe              |       |       |    59 |    86 ||   145
       Skin              |       |       |     4 |    43 ||    47
Dodge: Dodged            |    64 |   126 |   214 |   276 ||   680
Block: Buckler           |       |       |       |   107 ||   107

Table legend: (Time is in decaauts)
 A = Elapsed time spent in this place.
 B = Non-inter-level travel time spent in this place.
 C = Inter-level travel time spent in this place.
 D = Time resting spent in this place.
 E = Time spent auto-exploring this place.
 F = Levels seen in this place.
 G = Mean time per level.
                   A        B        C        D        E       F      G
               +--------+--------+--------+--------+--------+-----+--------+
         Total |  17939 |  17300 |    639 |    231 |  14249 |  14 | 1281.4 |
       Dungeon |  17151 |  16516 |    635 |    231 |  13577 |  12 | 1429.2 |
        Temple |    252 |    248 |      4 |      0 |    247 |   1 |  252.0 |
       Ossuary |    535 |    535 |      0 |      0 |    425 |   1 |  535.0 |
               +--------+--------+--------+--------+--------+-----+--------+

Top non-repeatable levels by time:
    D:10: 2408 daAuts
     D:8: 2403 daAuts
     D:1: 1597 daAuts
     D:3: 1574 daAuts
    D:11: 1501 daAuts
     D:4: 1299 daAuts
     D:5: 1263 daAuts
     D:2: 1262 daAuts
     D:6: 1209 daAuts
     D:7: 1114 daAuts
     D:9: 1113 daAuts
 Ossuary: 535 daAuts
    D:12: 403 daAuts
  Temple: 252 daAuts
